[Event "European Corporate Championship 2022"]
[Site "Rotterdam"]
[Date "2022.06.19"]
[Round "8.13"]
[White "Vistisen, Lars"]
[Black "Warmerdam, Max"]
[Result "0-1"]
[ECO "B22"]
[WhiteElo "2080"]
[BlackElo "2614"]
[Annotator "TA"]
[PlyCount "74"]
[EventDate "2022.06.18"]
[EventType "team-tourn"]
[EventCountry "NED"]
[SourceTitle "playchess.com"]
[Source "ChessBase"]
[SourceQuality "1"]
[TimeControl "900+5"]

1. e4 c5 2. c3 d5 3. exd5 Nf6 4. d4 Nxd5 5. Nf3 cxd4 6. Qxd4 {[%emt 0:00:38] B22: Sicilian: 2 c3.} Nc6 7. Bb5 {[%emt 0:00:08] [#]} f6 $146 ({Predecessor:} 7... e6 8. O-O Bd7 9. Bxc6 Bxc6 10. Ne5 Qb6 11. Qxb6 axb6 12. Nd2 f6 13. Nxc6 bxc6 {1-0 (59) Potapov,P (2482)-Kezin,R (2470) Moscow 2019}) 8. O-O {[%emt 0:01:25] Threatens to win with Rd1. White is slightly better.} (8. Qe4 $5 ) 8... e5 (8... a6 $5 9. Bxc6+ bxc6 $11) 9. Qe4 Nde7 10. Na3 Bf5 (10... a6 $5 11. Qa4 Bd7 $11) 11. Bxc6+ (11. Qe2 $1 $14) 11... bxc6 $11 12. Qa4 Qc7 13. Rd1 Be6 14. Nc4 {[%emt 0:00:43] aiming for Nd6+.} Nd5 15. Re1 (15. Ne3 $11 Kf7 16. Qe4) 15... Be7 $1 $15 16. h3 ({White should try} 16. Nd4 $15 Bd7 17. Nb3) 16... O-O $17 17. Be3 Nb6 18. Nxb6 axb6 19. Qc2 Bd5 ({But not} 19... Rxa2 20. Rxa2 Bxa2 21. b3 $14) 20. Nd2 c5 (20... Bxa2 $2 21. Rxa2 $1 Rxa2 22. Qb3+ Kh8 23. Qxa2 $18) 21. Qf5 g6 ({Much worse is} 21... Rxa2 $6 22. Rxa2 Bxa2 23. b3 $11) 22. Qd3 Rad8 (22... Bxa2 $2 {[#]} 23. Rxa2 $1 Rxa2 24. Qd5+ Kg7 25. Qxa2 $18) ({Black should play} 22... Rfd8 $17 {[%cal Od5g2] Strongly threatening ...Bxg2!} 23. Qb5 Qc6 24. Qxc6 Bxc6) 23. Qc2 Kg7 (23... f5 $5 24. Bh6 Rf7 $17) 24. c4 Bc6 25. Ne4 Qd7 (25... f5 $5 26. Nc3 Bh4 $17) 26. Nc3 Qe6 27. b3 (27. Qb3 $11) 27... f5 $15 {[%emt 0:00:14][%cal Bf6f5,Bf5f4,Bf4f3,Bf3g2][%mdl 32] ...f4 is the strong threat.} 28. Rad1 f4 29. Bc1 (29. Rxd8 $11 Bxd8 30. Bc1) 29... Rd4 $40 {[%emt 0:00:05][%mdl 128] Black mounts an attack. Black is more active.} (29... Rxd1 $17 30. Rxd1 f3) 30. Nd5 $11 f3 {[%emt 0:02:58] Hoping for ...fxg2.} 31. Rxd4 cxd4 32. Qe4 Bd6 {[%emt 0:00:15] Against Nc7} 33. Qxd4 fxg2 34. Qg4 Rf5 35. Bb2 (35. Ne3 $14 Rf6 36. Qxe6 Rxe6 37. Bb2) 35... Bxd5 {[%emt 0:00:08] Dancing on a razor blade.} 36. cxd5 Qxd5 37. Qxg2 $2 (37. Qe4 $11 Qxe4 38. Rxe4) 37... Qd2 $1 {[%emt 0:00:49][%csl LRb2,LRe1] Weighted Error Value: White=0.42/Black=0.19 (very precise)} 0-1

[Event "European Corporate Championship 2022"]
[Site "Rotterdam"]
[Date "2022.06.19"]
[Round "8.14"]
[White "Oudshoorn, Arres"]
[Black "Heer, Stephan"]
[Result "1-0"]
[ECO "B06"]
[WhiteElo "2137"]
[BlackElo "2047"]
[Annotator "NA RC"]
[PlyCount "75"]
[EventDate "2022.06.18"]
[EventType "team-tourn"]
[EventCountry "NED"]
[SourceTitle "playchess.com"]
[Source "ChessBase"]
[SourceQuality "1"]
[TimeControl "900+5"]

1. e4 g6 2. d4 d6 3. Nf3 a6 4. Bd3 Bg7 5. O-O Nd7 6. Bg5 h6 7. Bh4 g5 8. Bg3 g4 9. Nh4 Bxd4 10. c3 Bf6 11. Qxg4 Ne5 12. Qe2 Nxd3 13. Qxd3 e6 14. Nf3 e5 15. Nbd2 h5 16. h3 h4 17. Bh2 Ne7 18. Nc4 Rg8 19. Kh1 Be6 20. Nfd2 Ng6 21. Ne3 Qd7 22. Nd5 Bg5 23. Nc4 Rd8 24. Rad1 b5 25. Nce3 c6 26. Nb4 Bf4 27. Nf5 d5 28. Qc2 Bxh2 29. Kxh2 Nf4 30. g3 hxg3+ 31. fxg3 a5 32. Nd3 Bxf5 33. Nxe5 Qd6 34. Rxf4 Bxe4 35. Rxe4 Qe6 36. Re2 Kf8 37. Rf1 f6 38. Ng4 1-0

[Event "European Corporate Championship 2022"]
[Site "Rotterdam"]
[Date "2022.06.19"]
[Round "8.15"]
[White "Liefrink, Feike"]
[Black "Lie, Michael"]
[Result "0-1"]
[ECO "A00"]
[WhiteElo "1927"]
[BlackElo "1798"]
[Annotator "NA RC"]
[PlyCount "73"]
[EventDate "2022.06.18"]
[EventType "team-tourn"]
[EventCountry "NED"]
[SourceTitle "playchess.com"]
[Source "ChessBase"]
[SourceQuality "1"]
[TimeControl "900+5"]

1. Nc3 c5 2. Nf3 g6 3. d4 cxd4 4. Nxd4 Bg7 5. g3 Nc6 6. Be3 Nf6 7. h3 O-O 8. Bg2 d5 9. O-O e5 10. Nxc6 bxc6 11. Bc5 Re8 12. Na4 Ba6 13. Re1 Qa5 14. b3 Bb5 15. Be3 Bxa4 16. bxa4 Qxa4 17. Qd3 Rab8 18. Bg5 Nd7 19. e4 d4 20. Bf1 Rb2 21. Rab1 Reb8 22. c3 Nc5 23. Rxb2 Rxb2 24. Qc4 Qxc4 25. Bxc4 dxc3 26. Rc1 Nxe4 27. Be3 Nd2 28. Rxc3 e4 29. Rc1 Nf3+ 30. Kg2 Bd4 31. Bxd4 Nxd4 32. Re1 Rb4 33. Bf1 Nf3 34. Re3 f5 35. Rc3 Rb6 36. Ra3 Rb7 37. Ra6 0-1

[Event "European Corporate Championship 2022"]
[Site "Rotterdam"]
[Date "2022.06.19"]
[Round "8.17"]
[White "Haast, Mark"]
[Black "Werksma, Arie"]
[Result "1-0"]
[ECO "A22"]
[WhiteElo "2414"]
[BlackElo "2196"]
[Annotator "TA"]
[PlyCount "77"]
[EventDate "2022.06.18"]
[EventType "team-tourn"]
[EventCountry "NED"]
[SourceTitle "playchess.com"]
[Source "ChessBase"]
[SourceQuality "1"]
[TimeControl "900+5"]

1. c4 Nf6 2. g3 d6 3. Bg2 Nbd7 4. Nc3 e5 5. d3 Be7 6. e4 O-O 7. Nge2 c6 8. O-O a6 {[%emt 0:00:01] A22: English Opening: 1...e5 2 Nc3 Nf6.} 9. a4 {[%emt 0:00:11] Prevents b5.} a5 10. h3 Nc5 {[%emt 0:00:23] The position is equal.} 11. Be3 Nfd7 {[%emt 0:00:42] [#]} 12. Rb1 $146 ({Predecessor:} 12. f4 Bf6 13. Rb1 Na6 14. d4 exd4 15. Nxd4 Nb6 16. b3 Nb4 17. Qd2 g6 18. Rbd1 {½-½ (46) Terrieux,K (2262)-Bazart,D (2221) France 2004}) 12... Qc7 13. b3 Na6 14. Qd2 Ndc5 15. d4 exd4 16. Nxd4 Bd7 17. Rfd1 Rad8 18. Kh2 Bc8 19. Nce2 Nb4 20. Nc2 Nxc2 21. Qxc2 Bf6 22. Nf4 g6 23. Nd3 b6 24. f4 Bg7 25. Nxc5 dxc5 26. Rxd8 Rxd8 27. Rd1 Bd4 28. Bc1 Qe7 29. Rf1 f6 30. Qe2 Kg7 31. Qf3 Bd7 32. Rd1 Be8 33. Re1 b5 34. h4 (34. e5 $5) 34... bxc4 35. bxc4 Bf7 36. Bf1 (36. e5 $5) 36... Qb7 {[%emt 0:00:04] aiming for ...Qb4.} 37. e5 fxe5 38. fxe5 {[%emt 0:00:01] White wants to mate with Qf6+.} Be6 $2 {[%emt 0:00:04][%mdl 8192] [#]} (38... Re8 $11) 39. Qd1 $4 {[%emt 0:01:20][%mdl 40960] Weighted Error Value: White=0.08 (flawless) /Black=0.21 (precise) . Loss on time!?} (39. Qf6+ {mates} Kg8 40. Qxd8+ Kf7 41. Qf6+ Ke8 42. Bg5 Qd7 43. Rb1 Bg1+ 44. Kh1) 1-0

[Event "European Corporate Championship 2022"]
[Site "Rotterdam"]
[Date "2022.06.19"]
[Round "9.1"]
[White "Barski, Radoslaw"]
[Black "Kanyamarala, Tarun"]
[Result "1-0"]
[ECO "B30"]
[WhiteElo "2434"]
[BlackElo "2388"]
[Annotator "TA"]
[PlyCount "59"]
[EventDate "2022.06.18"]
[EventType "team-tourn"]
[EventCountry "NED"]
[SourceTitle "playchess.com"]
[Source "ChessBase"]
[SourceQuality "1"]
[TimeControl "900+5"]

1. e4 c5 2. Nc3 Nc6 3. Nf3 e5 4. Bc4 Be7 5. d3 d6 6. O-O Nf6 7. Ng5 O-O 8. f4 Bg4 {[%emt 0:00:07] B30: Sicilian: 2...Nc6 3 Bb5, lines without ...g6.} 9. Qe1 exf4 10. Bxf4 ({But not} 10. Rxf4 h6 11. Nf3 g5 12. Rxg4 Nxg4 $15) 10... Nd4 {[%emt 0:00:33] The position is equal.} 11. Qd2 Be6 12. Nxe6 fxe6 {[%emt 0:00:03] [#]} 13. a3 $146 (13. Ne2 $5 ) ({Predecessor:} 13. Rae1 Nd7 14. Ne2 Nxe2+ 15. Qxe2 Rf6 16. Qg4 Nf8 17. Bg3 Rg6 18. Qh5 Qe8 19. c3 {1-0 (58) Brozyna,M (2175)-Rodriguez Izquierdo,L (2007) Bratislava 2019}) 13... d5 14. exd5 Nxd5 15. Bxd5 ({Better is} 15. Nxd5 $14 exd5 16. Ba2) 15... exd5 $11 16. Be5 Nf5 17. d4 Bg5 18. Qd3 Be3+ 19. Kh1 c4 20. Qe2 Bg5 {[%emt 0:02:08] [#]} 21. Qg4 $1 g6 {[%emt 0:00:27] [#]} 22. Nxd5 $1 {[%emt 0:01:52][%mdl 512] White is more active.} Qxd5 23. Qxg5 Nxd4 {[%emt 0:00:28] [#]} (23... Rf7 $16) 24. Qe7 $2 (24. Rf6 $1 $18 {[%cal Rf6g6] White wants to mate with Rxg6+!} Qe4 25. Rxf8+ Rxf8 26. Qe7) 24... Ne6 25. Bc3 Rae8 26. Qh4 Ng7 (26... Nc5 $11) 27. Rfd1 $40 {[%emt 0:00:11][%mdl 128] White has some attack.} ({Much weaker is} 27. Qh6 Rxf1+ 28. Rxf1 Nf5 $11) 27... Qe4 (27... Qc6 $14) 28. Rd7 $18 Rf7 {[%emt 0:00:40] [#]} (28... Nh5 $18 29. Qxe4 Rxe4) 29. Rxf7 $1 Kxf7 (29... Nh5 30. Qf2) 30. Qf6+ {[%emt 0:00:02] Weighted Error Value: White=0.26 (precise) /Black=0.64} 1-0

[Event "European Corporate Championship 2022"]
[Site "Rotterdam"]
[Date "2022.06.19"]
[Round "9.2"]
[White "Flynn, Jacob"]
[Black "Celinski, Kamil"]
[Result "1-0"]
[ECO "A57"]
[WhiteElo "2205"]
[BlackElo "1907"]
[Annotator "TA"]
[PlyCount "77"]
[EventDate "2022.06.18"]
[EventType "team-tourn"]
[EventCountry "NED"]
[SourceTitle "playchess.com"]
[Source "ChessBase"]
[SourceQuality "1"]
[TimeControl "900+5"]

1. d4 Nf6 2. c4 c5 3. d5 b5 4. Qc2 Qa5+ 5. Nd2 b4 6. b3 {[%emt 0:01:25] A57: Benko/Volga Gambit.} g6 7. Bb2 {[%emt 0:00:04] [#]} Qb6 $146 ({Predecessor:} 7... Bg7 8. e4 d6 9. f4 O-O 10. Ngf3 Nbd7 11. Bd3 Re8 12. O-O e6 13. dxe6 Rxe6 {1-0 (22) Riline Orso,A (2162)-De la Vega,R (1449) Asuncion 2017}) 8. e4 {[%emt 0:00:17] Black must now prevent e5. White is better.} d6 9. Bd3 Nbd7 10. Ngf3 Bg7 11. O-O O-O 12. h3 Qc7 13. Rfe1 Ne5 {[%emt 0:01:54] White now steadily converts the win.} (13... a5 $14) 14. Nxe5 $16 dxe5 15. a3 a5 (15... e6 $16) 16. axb4 $18 cxb4 17. c5 Nh5 18. Bf1 Nf4 19. Rec1 h5 20. c6 h4 (20... Rd8 $142 21. h4 e6) 21. Qc5 g5 22. f3 Rd8 23. Nc4 Ba6 (23... f5 $142 24. Rxa5 Rxa5 25. Qxa5 Qxa5 26. Nxa5 fxe4 27. fxe4 g4) 24. Nb6 Ra7 (24... Bxf1 $142 25. Nxa8 (25. Rxf1 Ra6 $16) 25... Rxa8 26. Rxf1 Ne2+ 27. Kh2 Nd4) 25. Na4 $2 {[%emt 0:02:30] [#]} (25. Rxa5 $18 {and White stays clearly on top.} Bxf1 26. Rxa7 (26. Rxf1 Nd3 $11) 26... Qxa7 27. c7 (27. Rxf1 Nd3 $11)) 25... Bxf1 (25... e6 $16 {was called for.}) 26. Rxf1 Ne2+ 27. Kh2 Nd4 28. Qc4 Qd6 29. Bc1 Qf6 (29... Bf6) 30. Be3 Rc7 31. Nb6 Qd6 32. Rxa5 Rb8 33. Nd7 {[%emt 0:00:04] White is clearly winning.} Rd8 34. Nc5 {[%emt 0:00:13] [#] Strongly threatening Nb7.} Bf8 (34... Qf6 $142 35. Qxb4 Nc2) 35. Nb7 Rxb7 36. cxb7 Kg7 37. Ra8 Rb8 38. Rxb8 Qxb8 39. Qc8 {[%emt 0:00:01] Weighted Error Value: White=0.47/Black=0.58} 1-0

[Event "European Corporate Championship 2022"]
[Site "Rotterdam"]
[Date "2022.06.19"]
[Round "9.3"]
[White "Wisniewski, Jacek"]
[Black "Melaugh, Shane"]
[Result "1/2-1/2"]
[ECO "C10"]
[WhiteElo "1850"]
[BlackElo "2087"]
[Annotator "NA RC"]
[PlyCount "113"]
[EventDate "2022.06.18"]
[EventType "team-tourn"]
[EventCountry "NED"]
[SourceTitle "playchess.com"]
[Source "ChessBase"]
[SourceQuality "1"]
[TimeControl "900+5"]

1. e4 e6 2. d4 d5 3. Nd2 dxe4 4. Nxe4 Nf6 5. Bd3 Nbd7 6. Qe2 Be7 7. Nf3 b6 8. Bd2 Bb7 9. O-O-O a5 10. Ne5 O-O 11. h4 a4 12. Bg5 Nd5 13. Qh5 g6 14. Qh6 N5f6 15. Nxd7 Nxd7 16. h5 Bxe4 17. Bxe7 Qxe7 18. Bxe4 Ra5 19. hxg6 fxg6 20. Bxg6 Qg5+ 21. Qxg5 Rxg5 22. Bxh7+ Kg7 23. Be4 Nf6 24. Bf3 Nd5 25. Rh4 Rff5 26. Rdh1 Nf6 27. c3 Kf7 28. Rh8 a3 29. bxa3 Ra5 30. Kb2 Rgb5+ 31. Kc2 Rxa3 32. Rc8 Rxa2+ 33. Kd3 c5 34. Rc7+ Kg6 35. Re1 cxd4 36. Kxd4 Kf5 37. g4+ Nxg4 38. Bxg4+ Kxg4 39. Rxe6 Rxf2 40. Rg6+ Kf5 41. Rf7+ Kxg6 42. Rxf2 Rc5 43. Rb2 Rc6 44. c4 Kf6 45. Kd5 Rc5+ 46. Kd4 Rc6 47. Re2 Rd6+ 48. Kc3 Re6 49. Rd2 Ke7 50. Kb4 Rd6 51. Rh2 Rc6 52. Rh5 Kd6 53. Kb5 Rc5+ 54. Rxc5 bxc5 55. Kb6 Kd7 56. Kxc5 Kc7 57. Kd5 1/2-1/2

[Event "European Corporate Championship 2022"]
[Site "Rotterdam"]
[Date "2022.06.19"]
[Round "9.4"]
[White "Dayanand Kanyamarala"]
[Black "Basiaga, Sebastian"]
[Result "0-1"]
[ECO "D00"]
[WhiteElo "1142"]
[BlackElo "1749"]
[Annotator "NA RC"]
[PlyCount "78"]
[EventDate "2022.06.18"]
[EventType "team-tourn"]
[EventCountry "NED"]
[SourceTitle "playchess.com"]
[Source "ChessBase"]
[SourceQuality "1"]
[TimeControl "900+5"]

1. d4 d5 2. e3 Nf6 3. Bd3 c6 4. c3 Bg4 5. Qc2 Nbd7 6. Nd2 e5 7. f3 Be6 8. Ne2 Bd6 9. Qd1 Qc7 10. Bc2 O-O 11. O-O exd4 12. f4 dxe3 13. Nf3 Ne4 14. Bxe3 f5 15. Qe1 Be7 16. Ned4 Qd6 17. Rd1 Ndf6 18. Ne5 Rae8 19. Bxe4 Nxe4 20. Rd3 Bf6 21. Nxe6 Qxe6 22. Bd4 c5 23. Be3 Bxe5 24. fxe5 Qxe5 25. Bf4 Qe6 26. Rh3 g6 27. Qh4 Qf7 28. Bh6 Qf6 29. Qxf6 Rxf6 30. Rd3 g5 31. Bxg5 Nxg5 32. Rxd5 b6 33. h4 Ne4 34. Re1 Re7 35. Rd8+ Kg7 36. Re3 f4 37. Rf3 Ng3 38. Rdd3 Re1+ 39. Kf2 Rf1# 0-1

[Event "European Corporate Championship 2022"]
[Site "Rotterdam"]
[Date "2022.06.19"]
[Round "9.6"]
[White "Geldhof, Alexander"]
[Black "Lambrechts, Koen"]
[Result "0-1"]
[ECO "B13"]
[WhiteElo "1833"]
[BlackElo "2349"]
[Annotator "TA"]
[PlyCount "92"]
[EventDate "2022.06.18"]
[EventType "team-tourn"]
[EventCountry "NED"]
[SourceTitle "playchess.com"]
[Source "ChessBase"]
[SourceQuality "1"]
[TimeControl "900+5"]

1. e4 c6 2. Nf3 d5 3. exd5 cxd5 4. d4 Nf6 5. Bf4 e6 6. Bd3 {[%emt 0:00:42] B13: Caro-Kann: Exchange Variation and Panov-Botvinnik Attack.} Be7 7. Nbd2 {[%emt 0:00:20] [#]} Qb6 $146 ({Predecessor:} 7... Nc6 8. c3 a6 9. Ne5 Nxe5 10. dxe5 Ne4 11. Nxe4 dxe4 12. Bxe4 Qc7 13. O-O Bd7 14. Qf3 Rb8 15. Qg3 Bf8 16. Be3 {1-0 (45) De Juan Rivas,A (1523)-Mateos Cordero,F (1601) Alcorcon 2019}) 8. Nb3 {[%emt 0:00:36] White is slightly better.} a5 9. a4 Nc6 10. O-O O-O 11. Bb5 Ne4 12. c3 Bd7 13. Nfd2 Rfd8 $2 (13... Nxd2 $1 $11 14. Bxd2 (14. Nxd2 Nb8 $11) 14... Bd6) 14. Nxe4 $16 dxe4 15. Qe2 (15. Nd2 $1 $18) 15... Na7 16. Bxd7 (16. Bc4 $16) 16... Rxd7 (16... Qxb3 $15 17. Bb5 Nxb5 18. axb5 a4) 17. Nc5 ({White should play} 17. Qc2 $14) 17... Bxc5 $11 18. dxc5 Qxc5 19. Qxe4 Qd5 20. Qxd5 Rxd5 21. Rfd1 Rad8 22. Rxd5 Rxd5 $14 {[%emt 0:00:01][%mdl 4096] Endgame KRB-KRN} 23. Kf1 Nc6 24. Ke2 Kf8 25. Rd1 Rf5 26. Bd6+ Ke8 $1 27. b4 h5 (27... axb4 $14 28. cxb4 Ne7) 28. b5 $16 Ne5 (28... Ne7 $16) 29. Bc7 $1 $18 Nc4 30. Rd8+ Ke7 31. Rb8 Rd5 (31... Kd7 $142 32. Rxb7 Kc8) 32. Rxb7 Rd2+ 33. Ke1 {[%emt 0:00:20] Hoping for Bxa5+.} Rd7 $2 (33... Kf6 34. Ra7 Rb2 35. Bd8+ Ke5 36. Rxf7 Ke4) 34. b6 $2 ({White should try} 34. Ra7 $18) 34... Nxb6 $1 $11 35. Bd8+ Kxd8 36. Rxb6 {[%emt 0:00:01] KR-KR} Rc7 37. Kd2 Rc4 38. Kc2 (38. Rb5 $11) 38... Rxa4 $17 {[%emt 0:00:04] And now ...Ra2+ would win.} 39. Kb3 {[%emt 0:00:01] Prevents Ra2.} Rf4 {[%emt 0:00:08] Black is more active.} 40. f3 h4 {[%emt 0:00:07][%cal Bh5h4,Bh4h3][%mdl 32] ...h3! is the strong threat.} 41. Rb5 $2 {[%emt 0:00:11] [#]} (41. h3 $17) 41... a4+ $1 $19 42. Ka3 {[%emt 0:00:02] [#]} h3 $1 43. Rg5 g6 44. gxh3 Rxf3 45. Rg3 Rf4 46. Rg4 (46. Rg5 $142) 46... e5 $2 {[%emt 0:00:14] What a fight!  Weighted Error Value: White=0.57/Black=0.31} (46... Rxg4 47. hxg4 f5) 0-1

[Event "European Corporate Championship 2022"]
[Site "Rotterdam"]
[Date "2022.06.19"]
[Round "9.7"]
[White "Rietman, Frits"]
[Black "Toledano Llinares, Juan A."]
[Result "1-0"]
[ECO "C50"]
[WhiteElo "2237"]
[BlackElo "2252"]
[Annotator "TA"]
[PlyCount "33"]
[EventDate "2022.06.18"]
[EventType "team-tourn"]
[EventCountry "NED"]
[SourceTitle "playchess.com"]
[Source "ChessBase"]
[SourceQuality "1"]
[TimeControl "900+5"]

1. e4 e5 2. Nf3 Nc6 3. Bc4 Bc5 4. c3 Bb6 5. O-O d6 6. h3 {[%emt 0:00:35] C50: Hungarian Defence and Giuoco Pianissimo.} Nf6 7. Re1 {[%emt 0:01:07] [#]} (7. d3 $11) 7... O-O (7... Nxe4 $1 $15 8. Rxe4 (8. d4 d5) 8... d5 9. Nxe5 dxe4 10. Nxf7 Bxf2+ $1 11. Kxf2 O-O) 8. d4 {[%emt 0:00:22] The position is equal.} exd4 9. cxd4 {[%emt 0:00:10] [#]} Ne7 $146 ({Predecessor:} 9... Nxe4 10. Rxe4 d5 11. Bg5 f6 12. Bb3 fxg5 13. Nc3 Kh8 14. Nxd5 Bf5 15. Re3 g4 16. Nxb6 axb6 17. Ne5 gxh3 {1-0 (53) Jones,G (2665)-Prohaszka,P (2585) Aghios Kirykos 2014}) 10. Nc3 Ng6 11. Qb3 {[%emt 0:00:46] White is more active.} Qe7 $2 {[%emt 0:00:35][%mdl 8192] This costs Black the game.} (11... c6 $14) 12. e5 $18 Nd7 (12... dxe5 13. dxe5 Ne8) 13. Bg5 Nf6 14. exf6 Qd7 15. Nd5 Ba5 16. fxg7 {[%emt 0:00:14][%cal Og5h6] Bh6! would kill now.} Rd8 {[%emt 0:00:42] [#]} 17. Nf6+ {[%emt 0:00:06] Weighted Error Value: White=0.25 (precise) /Black=1.40} (17. Bh6 $142 $1 Qf5 18. g4 Bd2 19. Nxd2 Qe6 20. Rxe6 fxe6 21. Qf3 Bd7 22. Nf6+ Kf7 23. Ne8+ Kxe8 24. g8=Q+ Ke7 25. Bg5#) 1-0

[Event "European Corporate Championship 2022"]
[Site "Rotterdam"]
[Date "2022.06.19"]
[Round "9.9"]
[White "Werksma, Arie"]
[Black "Nijboer, Friso"]
[Result "0-1"]
[ECO "B30"]
[WhiteElo "2196"]
[BlackElo "2464"]
[Annotator "TA"]
[PlyCount "46"]
[EventDate "2022.06.18"]
[EventType "team-tourn"]
[EventCountry "NED"]
[SourceTitle "playchess.com"]
[Source "ChessBase"]
[SourceQuality "1"]
[TimeControl "900+5"]

1. e4 c5 2. Nf3 Nc6 3. Bb5 e6 4. Bxc6 bxc6 5. d3 Qc7 6. Qe2 {[%emt 0:00:25] B30: Sicilian: 2...Nc6 3 Bb5, lines without ...g6.} e5 7. O-O d6 {[%emt 0:00:00] [#]} 8. c3 $146 {[%emt 0:00:16] The position is equal.} ({Predecessor:} 8. Nbd2 Nf6 9. Nc4 Be6 10. b3 h6 11. Bb2 Bxc4 12. bxc4 g5 13. Ne1 Bg7 14. g3 {0-1 (61) Levay,S (2187)-Amdouni,Z (2267) Benidorm 2018}) 8... Ba6 9. Rd1 Be7 10. Qc2 Bf6 11. Be3 Ne7 12. d4 cxd4 13. cxd4 exd4 14. Bxd4 Bxd4 15. Nxd4 O-O 16. Nc3 Rac8 17. Rac1 g6 (17... Rfe8 $14) 18. Qd2 $16 Rcd8 {[%emt 0:01:33] [#]} (18... Qb8 $16) 19. Qf4 (19. Nxc6 $1 $18 {[%mdl 512] and White stays clearly on top.} Nxc6 20. Nd5) 19... Qa5 20. Nf3 f6 21. Rxd6 $2 {[%emt 0:00:46] [#]} (21. Qg3 $16) 21... Qc7 $1 $17 {[%emt 0:00:00] Black is clearly better.} 22. Rcd1 {[%emt 0:00:20] Hoping for e5.} Nc8 {[%emt 0:00:01][%mdl 1024] Black has strong compensation.} 23. e5 fxe5 {[%emt 0:00:10] Weighted Error Value: White=0.37/Black=0.15 (very precise)} ({But not} 23... Nxd6 $6 24. exd6 Qf7 25. h3 $11) 0-1

[Event "European Corporate Championship 2022"]
[Site "Rotterdam"]
[Date "2022.06.19"]
[Round "9.13"]
[White "Warmerdam, Max"]
[Black "Pardo Simon, David"]
[Result "1-0"]
[ECO "B07"]
[WhiteElo "2614"]
[BlackElo "2461"]
[Annotator "TA"]
[PlyCount "126"]
[EventDate "2022.06.18"]
[EventType "team-tourn"]
[EventCountry "NED"]
[SourceTitle "playchess.com"]
[Source "ChessBase"]
[SourceQuality "1"]
[TimeControl "900+5"]

1. d4 d6 2. e4 g6 3. Nf3 Nf6 4. Bd3 Bg7 5. O-O O-O 6. c3 Nbd7 7. Re1 e5 8. h3 {[%emt 0:00:03] B07: Pirc Defence: Miscellaneous Systems.} Re8 {[%emt 0:00:14] The main line 8...Re8 scores better than 8...b6.} 9. Bg5 h6 10. Bh4 {[%emt 0:00:02] White is slightly better.} c6 11. a4 {[%emt 0:00:15] [#]} b6 $146 ({Predecessor:} 11... Qc7 12. Bg3 Nh5 13. Bh2 a5 14. Nbd2 Nf4 15. Bxf4 exf4 16. Nf1 g5 17. Re2 Nf6 {0-1 (43) Warmerdam,M (2506)-Meissner,F (2362) Chess.com INT 2020}) 12. Nbd2 Qc7 13. Bg3 a6 14. b4 {[%emt 0:00:31] White is more active.} Bb7 15. Qb3 Nf8 16. Rad1 Nh5 17. Bh2 Ne6 18. Bf1 Rad8 19. Nc4 b5 (19... Ng5 $14) 20. Ne3 (20. Na5 $16) 20... Nef4 21. dxe5 dxe5 22. c4 bxa4 (22... Nf6 $11 {keeps the balance.}) 23. Qxa4 $16 Nf6 24. Qc2 a5 25. bxa5 Qxa5 26. Rxd8 Rxd8 27. Qb2 Bc8 28. Ra1 ({Better is} 28. Qxe5 $16 N6d5 29. Qb8) 28... Qc5 $11 29. Ra8 ({Not} 29. Nxe5 $2 N6h5 30. h4 (30. Bxf4 $2 Nxf4 31. h4 h5 $19) 30... Bxe5 $19) (29. Qc2 $11) 29... Nxe4 $17 30. Ng4 Rf8 (30... Kh7 $17 31. Ne3 Rf8) 31. Ngxe5 $11 g5 32. Bxf4 {[%emt 0:00:36] Really sharp!} gxf4 33. Qc2 Ng5 34. h4 Nxf3+ 35. Nxf3 Bg4 {[%emt 0:00:01] This bishop pair is nice.} 36. Rxf8+ Bxf8 37. Qe4 Bg7 (37... Bxf3 $11 38. Qxf3 Qd4) 38. Qe8+ (38. Qxf4 $16 Qf5 39. Qb8+ Qc8 40. Qg3) 38... Bf8 $14 ({Don't take} 38... Qf8 39. Qxc6 Qe7 40. Qa8+ Bf8 41. Bd3 $16) 39. Ne5 Be6 40. Nxc6 (40. Ng6 $5) 40... Kg7 41. Nd8 Bxc4 42. Bxc4 Qxc4 $11 {[%emt 0:00:00][%mdl 4096] Endgame KQB-KQN} 43. Qe5+ Kg8 44. Qf5 Be7 45. Qd7 Bxd8 (45... Bxh4 $15 46. Qg4+ Bg5) 46. Qxd8+ $15 {[%emt 0:00:01] KQ-KQ} Kg7 47. Qd1 Qe6 48. Qf3 Qe5 49. Kh2 h5 50. Kg1 Qe1+ 51. Kh2 Qe5 52. Qd3 Qf6 53. Qh3 Qe5 {[%emt 0:00:06] [#] Strongly threatening ...f3+.} 54. Qd3 Qf6 55. g3 fxg3+ 56. Qxg3+ Kh6 57. Kg2 Qg6 58. Kf3 Qxg3+ $4 {[%emt 0:00:03][%mdl 8192] [#]} (58... Qd3+ $11 59. Kf4 Qd4+ 60. Kf5 Qd7+ 61. Ke5 Qe6+ 62. Kf4 Qf6+ 63. Ke3 Qe6+ 64. Kf4 Qf6+ 65. Ke4 Qe6+ 66. Qe5 f5+ 67. Kd4 Qb6+ 68. Kd3 (68. Qc5 Qf6+ 69. Ke3 Qe6+ 70. Kd2 Qf6 $11) 68... Qxf2) 59. fxg3 $2 (59. Kxg3 {mates} Kg6 60. Kf4 Kf6 61. f3 Kg6 62. Ke5 Kh7 63. Kf6 Kg8 64. Kg5) 59... Kg6 $11 {[%emt 0:00:05] The position is equal.} 60. Ke4 Kf6 61. Kf4 Kg6 $1 62. Ke5 f6+ 63. Ke6 Kg7 $1 {[%mdl 32768] Weighted Error Value: White=0.21 (precise) /Black=0.28 (precise) . Sensor Board Error (Ke4/e5)?} 1-0